 Dungeon Crawl Stone Soup version 0.29.1-15-g9cfb28693d (webtiles) character file.

Game seed: 1429366587254068455

56 Gumption the Chopper (level 3, -6/33 HPs)
             Began as a Minotaur Berserker on Mar 22, 2023.
             Was a Follower of Trog.
             Mangled by an ogre
             ... wielding a +0 giant club
              (19 damage)
             ... on level 2 of the Dungeon.
             The game lasted 00:08:36 (1490 turns).

Gumption the Chopper (Minotaur Berserker)           Turns: 1490, Time: 00:08:37

Health: -6/33      AC:  3    Str: 23    XL:     3   Next: 71%
Magic:  2/2        EV: 11    Int:  4    God:    Trog [*.....]
Gold:   93         SH:  0    Dex:  9    Spells: 2/2 levels left

rFire   . . .      SeeInvis .   a - +0 hand axe
rCold   . . .      Faith    .   (no shield)
rNeg    . . .      Spirit   .   d - +0 leather armour
rPois   .          Reflect  .   (helmet restricted)
rElec   .          Harm     .   (no cloak)
rCorr   .          Rampage  .   (no gloves)
Will    .....                   (no boots)
Stlth   +.........              (no amulet)
HPRegen 0.11/turn               (no ring)
MPRegen 0.08/turn               (no ring)

@: no status effects
A: horns 2, retaliatory headbutt
a: Renounce Religion, Berserk


You were on level 2 of the Dungeon.
You worshipped Trog.
Trog was aware of your devotion.
You visited 1 branch of the dungeon, and saw 2 of its levels.

You collected 93 gold pieces.

Inventory:

Hand Weapons
 a - a +0 hand axe (weapon)
 e - a +1 short sword of venom
Missiles
 i - 5 javelins (quivered)
Armour
 d - a +0 leather armour (worn)
Jewellery
 l - a ring of protection from fire
Scrolls
 c - a scroll of teleportation {unknown}
 f - a scroll of identify {unknown}
 h - a scroll of fear {unknown}
 j - a scroll of torment {unknown}
 k - 2 scrolls of vulnerability {unknown}
Potions
 b - 2 potions of degeneration {unknown}
 g - a potion of heal wounds {unknown}


   Skills:
 + Level 4.2 Fighting
 * Level 4.8 Axes
 + Level 3.2 Armour
 - Level 2.1 Dodging


You had 2 spell levels left.
You didn't know any spells.
Your spell library was empty.

Dungeon Overview and Level Annotations

Branches:
Dungeon (2/15)

Altars:

Shops:
D:1 [   D:2 :


Innate Abilities, Weirdness & Mutations

You have a pair of horns on your head.
You reflexively headbutt those who attack you in melee.


Message History

The gnoll is moderately wounded.
Throw: javelin
Press: ? - help, Q - select action Shift-Dir - straight line, f/p - gnoll
Aim: a gnoll, wielding a +0 halberd (moderately wounded, 60% to hit)
You throw a javelin. The javelin pierces through the gnoll!
You kill the gnoll!
Trog accepts your kill.
Unknown command.
Things that are here:
a +0 flail; a gnoll corpse You see here a +0 halberd.
You see here a +0 flail.
Things that are here:
a +0 halberd; a gnoll corpse You start resting.
HP restored.
i - 4 javelins
i - 5 javelins (gained 1)
There is a stone staircase leading up here.
Found a long sword.
An ogre comes into view. It is wielding a +0 giant club.
The ogre shouts!
You hear a bark!
A jackal comes into view.
An adder comes into view.
The jackal moves out of view.
A jackal comes into view.
The jackal moves out of view.
You hit the ogre.
The ogre is lightly wounded.
The ogre completely misses you.
You slash the ogre! Your headbutt misses the ogre.
The ogre is heavily wounded.
The ogre hits you with a +0 giant club!!
Ouch! That really hurt!
You barely miss the ogre.
The ogre is heavily wounded.
You barely miss the ogre.
The ogre is heavily wounded.
The ogre hits you with a +0 giant club!!
Ouch! That really hurt!
You die...

##.....#......#
##............)# .h
#...####.......###
S
###.<..............
.#
))..#####....#####
##. ##### ####.# ..
#.#### .#
#....###.#
####.@O..# ##..###
##.# ###


You could see an ogre.

Vanquished Creatures
  4 gnolls (D:2)
  2 bats (D:1)
  A giant cockroach (D:1)
  2 goblins (D:1)
  2 hobgoblins (D:1)
  2 kobolds (D:1)
  3 ball pythons
  A frilled lizard (D:1)
  2 rats (D:1)
19 creatures vanquished.

Notes
Turn   | Place    | Note
-------+----------+-------------------------------------------
     0 | D:1      | Gumption the Minotaur Berserker began the quest for the
                  | Orb.
     0 | D:1      | Reached XP level 1. HP: 19/19 MP: 0/0
   454 | D:1      | Reached XP level 2. HP: 27/27 MP: 1/1
   672 | D:1      | Found Faulluur's Antique Armour Boutique.
  1149 | D:2      | Found Irohuom's Book Emporium.
  1267 | D:2      | Reached XP level 3. HP: 24/33 MP: 2/2
  1483 | D:2      | Noticed an ogre
  1490 | D:2      | Mangled by an ogre

Illustrated notes

Levels and vault maps discovered:
D:1:      shiori_arrival_maze, layout_basic, serial_shops, shop,
          kennysheep_boxes
D:2:      layout_rooms, serial_shops, nicolae_shop_statue_plus,
          nicolae_shop_trees, shop

Skill      XL: |  1  2 |
---------------+-------+-----
Axes           | 4 |  4.8
Fighting       | 4 |  4.2
Armour         | 3 |  3.2
Dodging        | |  2.1

Action                   || total
-------------------------++-------
Melee: Hand axe          ||    39
       Headbutt          ||     4
Throw: Javelin           ||    11
Invok: Berserk           ||     1
Armor: Leather armour    ||     4
       Animal skin       ||     1
Dodge: Dodged            ||    21
